 Dungeon Crawl Stone Soup version 0.22-a0-274-gf8199ec (webtiles) character file.

30 Vesto the Skirmisher (level 3, -10/24 HPs)
             Began as a Gargoyle Fighter on Mar 13, 2018.
             Mangled by an ogre
             ... wielding a +0 giant club
              (23 damage)
             ... on level 4 of the Dungeon.
             The game lasted 00:01:33 (574 turns).

Vesto the Skirmisher (Gargoyle Fighter)              Turns: 574, Time: 00:01:33

Health: -10/24     AC: 10    Str: 24    XL:     3   Next: 18%
Magic:  3/3        EV:  7    Int:  9    God:
Gold:   42         SH: 10    Dex:  9    Spells: 3/3 levels left

rFire    . . .     SeeInvis .   a - +0 flail
rCold    . . .     Gourm    .   c - +1 shield
rNeg     + . .     Faith    .   b - +0 scale mail
rPois    ∞         Spirit   .   (no helmet)
rElec    +         Reflect  .   (no cloak)
rCorr    .         Harm     .   (no gloves)
MR       .....                  (no boots)
Stlth    ..........             (no amulet)
HPRegen  0.08/turn              (no ring)
MPRegen  0.08/turn              (no ring)

@: mighty
A: negative energy resistance 1, electricity resistance, unbreathing,
petrification resistance, rot immunity, AC +3
a: no special abilities


You were on level 4 of the Dungeon.
You were not hungry.

You visited 1 branch of the dungeon, and saw 4 of its levels.

You collected 42 gold pieces.

Inventory:

Hand Weapons
 a - a +0 flail (weapon)
Armour
 b - a +0 scale mail (worn)
 c - a +1 shield (worn)
Comestibles
 f - 2 rations


   Skills:
 * Level 3.7 Fighting
 * Level 2.4 Maces & Flails
 + Level 3.4 Armour
 + Level 0.3 Dodging
 + Level 3.4 Shields
 + Level 0.5 Spellcasting


You had 3 spell levels left.
You didn't know any spells.

Dungeon Overview and Level Annotations

Branches:
Dungeon (4/15)
 Temple: D:4-7

Altars:
Dithmenos
Hepliaklqana
Sif Muna

Annotations:
D:3 exclusion: door


Innate Abilities, Weirdness & Mutations

You are resistant to torment.
Your stone body is resilient. (AC +3)
You are immune to poison.
You resist negative energy. (rN+)
You are resistant to electric shocks. (rElec)
You can survive without breathing.
You are immune to petrification.
You are immune to rotting.


Message History

Things that are here:
a short sword; 4 tomahawks; an orc corpse
Found 19 poisoned needles.
You hear the slow hiss of a very distant avalanche of sand.
An ogre comes into view. It is wielding a giant club.
The ogre shouts!
You sock the ogre!
The ogre is moderately wounded.
You block the ogre's attack.
You barely miss the ogre.
The ogre is moderately wounded.
You block the ogre's attack. The ogre hits you with a giant club!
Ouch! That really hurt!
* * * LOW HITPOINT WARNING * * *
You feel very mighty all of a sudden.
It was a potion of curing.
You feel better. The ogre hits you with a giant club!!
Ouch! That really hurt!
You die...

#......_......'##### #..
#...##...#.###.# # #..
#...###.##.# ..# #.####..
#...###....# ##### .......
##..[...#### #... .....
#......######.###########..
#####..#...................
#..###O###.############
#.....@# #... ##.#####
###.# .(......# .#
######### #


You could see an ogre.

Vanquished Creatures
  An ooze (D:4)
  A worm (D:2)
  6 orcs
  2 bats (D:3)
  A goblin (D:3)
  A hobgoblin (D:3)
  A kobold (D:2)
  A frilled lizard (D:3)
  2 rats
16 creatures vanquished.

Notes
Turn   | Place    | Note
-------+----------+-------------------------------------------
     0 | D:1      | Vesto the Gargoyle Fighter began the quest for the Orb.
     0 | D:1      | Reached XP level 1. HP: 14/14 MP: 1/1
    95 | D:3      | Reached XP level 2. HP: 18/19 MP: 2/2
   117 | D:3      | Found a shadowy altar of Dithmenos.
   268 | D:3      | Found a deep blue altar of Sif Muna.
   471 | D:4      | Found a hazy altar of Hepliaklqana.
   476 | D:4      | Reached XP level 3. HP: 22/24 MP: 3/3
   570 | D:4      | Noticed an ogre
   574 | D:4      | Mangled by an ogre

Vault maps used:
D:1:      tarquinn_simple_flora_water_a, grunt_decor_one_mirror
D:2:      overflow_temple_1_default, overflow_temple_1_default,
          marbit_many_paths, first_ration, amethyst_killhole, uniq_terence
D:3:      kb_forest_paths, old_standard_altar, led_sif_book, uniq_robin
D:4:      lemuel_round_altar, nicolae_overflow_crystal_walls,
          nicolae_ossuary_entry_monument

Action                   || total
-------------------------++-------
Melee: Flail             ||    66
  Use: Scroll            ||     1
       Potion            ||     2
Armor: Scale mail        ||    33
Dodge: Dodged            ||    18
Block: Shield            ||    40

Table legend:
 A = Spawn XP
 B = Non-spawn XP
 C = Spawn XP percentage of total XP
 D = Spawn monster count
 E = Non-spawn monster count
 F = Spawn count percentage of total count
 G = Total turns spent on level
                    A         B        C        D         E        F      G
               +---------+---------+-------+---------+---------+-------+---------
         Total |       0 |      43 |   0.0 |       0 |      16 |   0.0 |   574
               +---------+---------+-------+---------+---------+-------+---------
           D:2 |       0 |       8 |   0.0 |       0 |       3 |   0.0 |    42
           D:3 |       0 |      22 |   0.0 |       0 |      10 |   0.0 |   326
           D:4 |       0 |      13 |   0.0 |       0 |       3 |   0.0 |   154
               +---------+---------+-------+---------+---------+-------+---------
